 Dungeon Crawl Stone Soup version 0.24.1-14-gf8d2b509d9 (webtiles) character file.

Game seed: 8898509834074235754, levelgen mode: deterministic

5198 KlarStein the Carver (level 10, 0/90 (91) HPs)
             Began as a Yellow Draconian Berserker on Dec 13, 2020.
             Was an Elder of Trog.
             Slain by Erica
             ... wielding a +2 scimitar of flaming
              (1 damage)
             ... on level 9 of the Dungeon on Dec 14, 2020.
             The game lasted 00:54:26 (9134 turns).

KlarStein the Carver (Yellow Draconian Berserker)   Turns: 9134, Time: 00:54:27

HP:   0/90 (91)     AC:  9    Str: 19    XL:     10   Next: 34%
MP:   10/10         EV: 17    Int:  7    God:    Trog [****..]
Gold: 469           SH:  0    Dex: 15    Spells: 9/9 levels left

rFire    . . .     SeeInvis .   a - +1 falchion
rCold    . . .     Gourm    .   (no shield)
rNeg     . . .     Faith    .   (armour unavailable)
rPois    .         Spirit   .   (helmet restricted)
rElec    .         Reflect  .   o - +1 cloak
rCorr    +         Harm     .   (no gloves)
MR       ++...                  (no boots)
Stlth    +.........             (no amulet)
HPRegen  0.25/turn              i - ring of protection from magic
MPRegen  0.12/turn              u - ring of protection from magic

@: very slightly contaminated
A: spit acid, unfitting armour, cold-blooded, acid resistance, AC +7
a: Breathe Acid, Berserk, Trog's Hand, Brothers in Arms, Renounce Religion


You were on level 9 of the Dungeon.
You worshipped Trog.
Trog was greatly pleased with you.
You were near starving.

You visited 2 branches of the dungeon, and saw 10 of its levels.

You collected 469 gold pieces.

Inventory:

Hand Weapons
 a - a +1 falchion (weapon)
 A - a +0 long sword
Missiles
 t - 17 poisoned darts (quivered)
Armour
 o - a +1 cloak (worn)
Jewellery
 i - a ring of protection from magic (left hand)
 n - an uncursed ring of wizardry
 u - a ring of protection from magic (right hand)
 C - an uncursed ring of magical power
 E - an uncursed ring of ice
Wands
 p - a wand of acid (12)
 y - a wand of scattershot (4)
Scrolls
 c - 2 scrolls of magic mapping
 g - a scroll of fog
 j - 7 scrolls of remove curse
 m - a scroll of fear
 x - a scroll of enchant armour
 B - 2 scrolls of enchant weapon
 D - a scroll of identify
Potions
 d - a potion of might
 e - 4 potions of lignification
 f - a potion of agility {unknown}
 h - 5 potions of resistance
 k - a potion of haste {unknown}
 l - a potion of ambrosia {unknown}
 q - a potion of berserk rage
 r - 2 potions of cancellation {unknown}
 s - a potion of mutation {unknown}
 v - a potion of magic {unknown}
 w - 4 potions of curing {unknown}
 z - a potion of flight {unknown}
Comestibles
 b - 9 rations


   Skills:
 + Level 9.1 Fighting
 * Level 11.2 Long Blades
 + Level 7.6 Dodging


You had 9 spell levels left.
You didn't know any spells.
Your spell library was empty.

Dungeon Overview and Level Annotations

Branches:
Dungeon (9/15)             Temple (1/1) D:7
   Lair: D:8-11         Orc: D:9-12

Altars:
Cheibriados
Dithmenos
Fedhas
Gozag
Nemelex Xobeh
Sif Muna
Uskayaw
Wu Jian
Xom
Zin
The Shining One

Annotations:
D:7 2 transporters
D:8 1 runed translucent door, krakonos's ghost, novice GrFi
D:9 2 transporters, Erica


Innate Abilities, Weirdness & Mutations

You can spit globs of acid.
Your golden yellow scales are hard. (AC +7)
You cannot fit into any form of body armour.
You are cold-blooded and may be slowed by cold attacks.
You are resistant to acid. (rCorr)


Message History

The porcupine bites the plant.
You recover from your berserk rage.
The yak closely misses you.
You riposte.
You hit the yak.
Your tail-slap misses the yak.
The yak is lightly wounded.
Found a short sword and 14 gold pieces.
You see here 21 gold pieces.
The porcupine bites you.
* * * LOW HITPOINT WARNING * * *
Found 28 stones.
There is an open door here.
You barely miss something. You tail-slap something. The porcupine bites you!
* * * LOW HITPOINT WARNING * * *
Something closely misses you. The yak gores you!
* * * LOW HITPOINT WARNING * * *
You hit something.
The yak seems to regain its courage.
The porcupine seems to regain its courage.
The porcupine bites the plant!
The porcupine closely misses you. The yak closely misses you.
Something hits you.
You die...

#.........P
#...P.....P.P.....P
#......Pr...P.$...r
#Y........P.......( ####
#..##P...PP).P....
...####..##...?.♣....#.#
.....r........♣P.......#
..............Yr.....#
..............YY@....#
.#####'####....##...##
.####...# ###### ####
.........# ........[+
.........# ########## ##
.#


You could see 3 yaks and 3 porcupines.

Vanquished Creatures
  A two-headed ogre (D:9)
  A komodo dragon (D:8)
  A troll (D:9)
  Sigmund (D:6)
  A steam dragon (D:6)
  2 orc warriors
  3 ice beasts
  5 sky beasts
  A black bear (D:9)
  A phantom (D:7)
  4 necrophages (D:8)
  7 ogres
  2 centaurs
  A big kobold (D:9)
  3 bullfrogs
  A gnoll sergeant (D:8)
  2 scorpions
  4 crimson imps
  A centaur zombie (D:8)
  Crazy Yiuf (D:4)
  2 orc priests
  A hound (D:5)
  A jelly (D:8)
  8 orc wizards
  3 bullfrog skeletons
  13 worker ants
  2 hound zombies
  Robin (D:4)
  A hound skeleton (D:8)
  4 gnolls (D:8)
  8 adders
  A river rat (D:6)
  An ooze (D:4)
  An adder zombie (D:6)
  5 worms
  2 dart slugs (D:2)
  2 leopard geckos
  23 orcs
  A giant cockroach (D:1)
  24 goblins
  13 hobgoblins
  4 jackals (D:5)
  6 kobolds
  4 quokkas
  4 bats
  6 frilled lizards
  3 jackal zombies
  7 rats
194 creatures vanquished.

Vanquished Creatures (others)
  A bush (D:8)
  5 plants (D:8)
6 creatures vanquished.

Grand Total: 200 creatures vanquished

Notes
Turn   | Place    | Note
-------+----------+-------------------------------------------
     0 | D:1      | KlarStein the Draconian Berserker began the quest for the
                  | Orb.
     0 | D:1      | Reached XP level 1. HP: 19/19 MP: 1/1
   164 | D:1      | Reached XP level 2. HP: 26/26 MP: 2/2
   639 | D:1      | Reached ** piety under Trog
   664 | D:1      | Reached XP level 3. HP: 27/31 MP: 3/3
  1259 | D:2      | Reached skill level 4 in Long Blades
  1725 | D:3      | Reached XP level 4. HP: 31/40 MP: 4/4
  2406 | D:4      | Reached XP level 5. HP: 46/46 MP: 5/5
  2567 | D:4      | Noticed Robin
  2584 | D:4      | Killed Robin
  2584 | D:4      | Reached *** piety under Trog
  2882 | D:4      | Reached skill level 5 in Long Blades
  3067 | D:4      | Reached XP level 6. HP: 51/53 MP: 6/6
  3428 | D:4      | Found a runed translucent door.
  3429 | D:4      | Noticed Crazy Yiuf
  3436 | D:4      | Killed Crazy Yiuf
  3689 | D:5      | Entered Level 5 of the Dungeon
  3878 | D:5      | Found a sparkling altar of Nemelex Xobeh.
  3915 | D:5      | Noticed a sky beast
  3929 | D:5      | Killed a sky beast
  3929 | D:5      | Reached skill level 5 in Fighting
  3929 | D:5      | Reached skill level 6 in Long Blades
  3962 | D:5      | Your scales start taking on a golden yellow colour.
  3962 | D:5      | Reached XP level 7. HP: 57/61 MP: 7/7
  3962 | D:5      | Gained mutation: You are resistant to acid. (rCorr) [Yellow
                  | Draconian growth]
  4015 | D:5      | HP: 3/61 [ogre/+0 giant club (27)]
  4616 | D:5      | Found a shimmering blue altar of Sif Muna.
  4773 | D:6      | Reached **** piety under Trog
  4901 | D:6      | Reached skill level 7 in Long Blades
  4975 | D:6      | Reached skill level 5 in Dodging
  4975 | D:6      | Reached XP level 8. HP: 58/70 MP: 8/8
  5135 | D:6      | Received a gift from Trog
  5362 | D:6      | Reached skill level 8 in Long Blades
  5641 | D:6      | Noticed Sigmund
  5648 | D:6      | Killed Sigmund
  5856 | D:6      | Reached XP level 9. HP: 79/79 MP: 9/9
  5963 | D:6      | Reached skill level 9 in Long Blades
  6147 | D:6      | Found a glowing golden altar of the Shining One.
  6271 | D:7      | Found an opulent altar of Gozag.
  6553 | D:7      | Found a transporter.
  6553 | D:7      | Found a transporter.
  6838 | D:7      | Found a staircase to the Ecumenical Temple.
  6844 | Temple   | Entered the Ecumenical Temple
  6898 | D:7      | Noticed a kobold demonologist
  6932 | D:7      | Found a shimmering altar of Xom.
  7160 | D:7      | Noticed a red ugly thing
  7453 | D:8      | Reached skill level 10 in Long Blades
  7550 | D:8      | Found a runed translucent door.
  7550 | D:8      | Found a shimmering altar of Xom.
  7550 | D:8      | Noticed krakonos's ghost (novice GrFi)
  7550 | D:8      | Noticed a +3 long sword of chaos
  7615 | D:8      | Noticed a komodo dragon
  7617 | D:8      | Found a glowing silver altar of Zin.
  7631 | D:8      | Killed a komodo dragon
  7785 | D:8      | Found a blossoming altar of Fedhas.
  8341 | D:9      | Noticed a troll
  8343 | D:9      | Found a shadowy altar of Dithmenos.
  8347 | D:9      | Killed a troll
  8347 | D:9      | Reached XP level 10. HP: 89/89 MP: 10/10
  8433 | D:9      | Found a transporter.
  8437 | D:9      | Noticed a brown ugly thing
  8441 | D:9      | Found a transporter.
  8448 | D:9      | Found an ornate altar of the Wu Jian Council.
  8449 | D:9      | Noticed a fire dragon
  8487 | D:9      | Reached ***** piety under Trog
  8513 | D:9      | Noticed a two-headed ogre
  9086 | D:9      | Killed a two-headed ogre
  9086 | D:9      | Reached skill level 11 in Long Blades
  9114 | D:9      | Noticed Erica
  9133 | D:9      | HP: 1/90 [yak (12)]
  9134 | D:9      | Slain by Erica

Levels and vault maps discovered:
D:1:      dpeg_arrival_solitude, layout_basic
D:2:      layout_rooms
D:3:      layout_loops_cross, first_ration, grunt_ministairs_6,
          minmay_pentomino_pile
D:4:      layout_gridville, uniq_crazy_yiuf_cottage, uniq_robin
D:5:      layout_loops_cross, old_standard_altar, small_statue_intersection,
          abandoned_shop, led_sif_book
D:6:      kennysheep_spiral_hall, layout_loops_corners, tso_metal_star,
          cheibrodos_sewer_entry_sluice, uniq_sigmund
D:7:      gammafunk_the_bubble [the_bubble_gammafunk_split], layout_loops_cross,
          old_standard_altar, minmay_temple_entry_wispy, serial_rivers,
          chequers_serial_rivers_room_b, chequers_serial_rivers_large_a,
          chequers_serial_rivers_micro_b, chequers_serial_rivers_micro_b,
          chequers_serial_rivers_small_a, chequers_serial_rivers_micro_d,
          grunt_gozag_statues
D:8:      layout_loops_ring, fedhas_altar_decomposition, ebering_ghost_xom,
          basic_altar
D:9:      layout_gridville, nicolae_dithmenos_shadow_blocks,
          gammafunk_temple_overflow_arena, minmay_lair_entry_grove,
          serial_shops, kennysheep_little_box, uniq_erica
Temple:   kb_temple_of_zot

Skill      XL: |  1  2  3  4  5  6  7  8  9 10 |
---------------+-------------------------------+-----
Dodging        | 3 4 5 6 7 |  7.6
Long Blades    | 4 5 6 7 8 10 11 | 11.2
Fighting       | 4 5 6 7 8 9 |  9.1

Action                   |  1- 3 |  4- 6 |  7- 9 | 10-12 || total
-------------------------+-------+-------+-------+-------++-------
Melee: Falchion          |   126 |   157 |   435 |    67 ||   785
       Tailslap          |    22 |    18 |   115 |    14 ||   169
Throw: Dart              |       |       |     7 |     6 ||    13
Invok: Berserk           |       |     3 |    12 |     1 ||    16
 Abil: Breathe Acid      |       |       |     2 |     2 ||     4
Evoke: Wand              |       |     1 |     4 |       ||     5
  Use: Scroll            |       |     8 |     8 |     3 ||    19
       Potion            |       |       |     2 |       ||     2
 Stab: Sleeping          |     1 |       |       |       ||     1
       Distracted        |       |       |     1 |       ||     1
       Invisible         |       |       |     1 |       ||     1
  Eat: Chunk             |     3 |    10 |    22 |     3 ||    38
       Ration            |       |       |     1 |       ||     1
Armor: Skin              |    29 |    33 |    95 |    11 ||   168
Dodge: Dodged            |    76 |    98 |   264 |    50 ||   488
       Rpst.: Falchion   |    28 |    42 |    86 |    14 ||   170
